[Event "Titled Tuesday Blitz June 27 Early 2023"]
[White "Ishowmoves57"]
[Black "whiteglovethief"]
[WhiteElo "2067"]
[BlackElo "2446"]
[Result "1-0"]
[Round "2"]
[TimeControl "180+2"]
[Date "2023.06.27"]
[WhiteClock "0:01:02"]
[BlackClock "0:01:43"]
[Board "234"]

1. e4 d5 2. exd5 Qxd5 3. Nc3 Qa5 4. d4 Nf6 5. Nf3 Bg4 6. h3 Bxf3 7. Qxf3 c6 8. Bd2 e6 9. Ne4 Qd8 10. Nxf6+ Qxf6 11. Qxf6 gxf6 12. g3 Nd7 13. Bg2 Bg7 14. O-O O-O 15. c3 Rfe8 16. f4 Rad8 17. Rae1 e5 18. Be3 b6 19. Bxc6 Re6 20. d5 Rd6 21. Bxd7 R6xd7 22. c4 b5 23. b3 bxc4 24. bxc4 Rc8 25. Rc1 e4 26. f5 Bf8 27. Rfd1 Bd6 28. g4 Be5 29. c5 h5 30. c6 Rdc7 31. Rc4 hxg4 32. hxg4 Kf8 33. Rxe4 Rd8 34. Rc4 Ke7 35. Bc5+ Bd6 36. Re4+ Kf8 37. Bxd6+ Rxd6 38. Red4 Kg7 39. Kf2 Kh6 40. Kf3 Re7 41. Rc4 Rc7 42. Rc5 Kg7 43. Rb1 Kf8 44. Rb7 Rc8 45. Rxa7 Rb8 46. c7 Rc8 47. a4 Ke7 48. a5 Kd7 49. Ke4 Re8+ 50. Kd4 Rc8 51. Rb7 Ra6 52. Rb6 Ra7 53. Rxf6 Ke7 54. Rb6 Kd7 55. d6 f6 56. Kd5 Re8 57. c8=Q+ Rxc8 58. Rxc8 Kxc8 59. Ke6 Rxa5 60. d7+ Kc7 61. Rc6+ Kxc6 62. d8=Q Ra4 63. Qe8+ 1-0


[Site "https://www.chess.com"]

[Event "Titled Tuesday Blitz June 27 Early 2023"]
[White "Andreev, Konstantin"]
[Black "Maluco_do_Natal_00"]
[WhiteFideId "24239305"]
[WhiteElo "2444"]
[BlackElo "2056"]
[Result "1-0"]
[Round "2"]
[TimeControl "180+2"]
[Date "2023.06.27"]
[WhiteClock "0:01:28"]
[BlackClock "0:00:02"]
[Board "235"]

1. e4 c5 2. Nf3 Nc6 3. Nc3 Nf6 4. d4 cxd4 5. Nxd4 e5 6. Ndb5 d6 7. Bg5 a6 8. Na3 b5 9. Nd5 Be7 10. Bxf6 Bxf6 11. c3 O-O 12. Nc2 Bg5 13. h4 Bh6 14. g3 Be6 15. Bg2 Ne7 16. Nce3 Bxe3 17. Nxe3 Rc8 18. O-O Kh8 19. Qd3 Qd7 20. Rfd1 Rcd8 21. Rd2 f5 22. exf5 Nxf5 23. Nd5 Ne7 24. Rad1 Nxd5 25. Bxd5 Bxd5 26. Qxd5 Qc7 27. Qe6 Qc5 28. Kg2 h6 29. f3 Rf6 30. Qd5 Qc7 31. g4 Rdf8 32. g5 Rxf3 33. Qxf3 Rxf3 34. Kxf3 Qf7+ 35. Ke4 Qf4+ 36. Kd5 Qxh4 37. gxh6 Qxh6 38. Rf2 Kg8 39. Rdf1 Qg5 40. Kxd6 Qd8+ 41. Kxe5 Qe7+ 42. Kf5 Qf7+ 43. Kg5 Qxa2 44. Rf8+ Kh7 45. Rh1# 1-0


[Site "https://www.chess.com"]

[Event "Titled Tuesday Blitz June 27 Early 2023"]
[White "Semenova, Alina"]
[Black "Miszler, Levente"]
[WhiteFideId "24113875"]
[BlackFideId "763276"]
[WhiteElo "2052"]
[BlackElo "2444"]
[Result "0-1"]
[Round "2"]
[TimeControl "180+2"]
[Date "2023.06.27"]
[WhiteClock "0:00:00"]
[BlackClock "0:00:06"]
[Board "236"]

1. e4 c6 2. d4 d5 3. Nd2 dxe4 4. Nxe4 Nf6 5. Nxf6+ exf6 6. Nf3 Bd6 7. Be2 O-O 8. O-O Bg4 9. h3 Bh5 10. Be3 Re8 11. Qd2 Qc7 12. c4 Nd7 13. Rad1 Rad8 14. Qc3 c5 15. d5 Ne5 16. Bf4 Bxf3 17. gxf3 Nxf3+ 18. Bxf3 Bxf4 19. Rfe1 Be5 20. Qc2 Bd4 21. b3 g6 22. Qd2 Kg7 23. Bg2 Re5 24. Rxe5 Qxe5 25. Re1 Qf5 26. Re7 Rd7 27. Rxd7 Qxd7 28. Qf4 Be5 29. Qe4 Qd6 30. Kf1 f5 31. Qe3 h6 32. h4 Bd4 33. Qf3 Qh2 34. h5 gxh5 35. Qxf5 b6 36. Qh3 Qe5 37. Bf3 Qg5 38. Qxh5 Qd2 39. Qg4+ Kf6 40. Qh4+ Ke5 41. Qg3+ Kf6 42. Kg2 Be5 43. Qh4+ Kg7 44. Qg4+ Kf8 45. Qc8+ Ke7 46. Qb7+ Kf6 47. Qc6+ Kg5 48. Qd7 Bd4 49. Qg4+ Kf6 50. Qh4+ Kg7 51. Qg4+ Kh8 52. Qc8+ Kh7 53. Be4+ Kg7 54. Qf5 Kf8 55. Qc8+ Kg7 56. Qf5 Qg5+ 57. Qxg5+ hxg5 58. Bf5 Kf6 59. Bg4 Ke5 60. Bc8 Bc3 61. Kf3 b5 0-1


[Site "https://www.chess.com"]

[Event "Titled Tuesday Blitz June 27 Early 2023"]
[White "Kowalysko, Roman"]
[Black "Zheenbekov, Nurgazy"]
[WhiteFideId "30918510"]
[BlackFideId "13800485"]
[WhiteElo "2026"]
[BlackElo "2442"]
[Result "1/2-1/2"]
[Round "2"]
[TimeControl "180+2"]
[Date "2023.06.27"]
[WhiteClock "0:00:32"]
[BlackClock "0:00:28"]
[Board "237"]

1. e4 e5 2. Nf3 Nc6 3. c3 d5 4. Qa4 Bd7 5. exd5 Nd4 6. Qd1 Nxf3+ 7. Qxf3 Nf6 8. Bc4 Bd6 9. d3 O-O 10. Bg5 Be7 11. Nd2 h6 12. Bxf6 Bxf6 13. Ne4 Be7 14. O-O Kh8 15. Bb3 f5 16. Nd2 Bd6 17. Nc4 f4 18. Nxd6 cxd6 19. d4 exd4 20. cxd4 Qg5 21. h3 Qf6 22. Rad1 Rae8 23. Bc2 Bb5 24. Bd3 Bd7 25. Bb1 Bb5 26. Bd3 Bxd3 27. Qxd3 Rc8 28. Rfe1 f3 29. Qxf3 Qxf3 30. gxf3 Rxf3 31. Kg2 Rf5 32. Re7 Rc2 33. Rf1 Rxb2 34. a4 Rxd5 35. Rf7 Kg8 36. Rc7 Rf5 37. Rd7 d5 38. a5 h5 39. h4 a6 40. Rc7 Rb5 41. Re1 Rb2 42. Rf1 Rd2 43. Rxb7 Rxd4 44. Re1 Rg4+ 45. Kh3 Rf3+ 46. Kh2 Rxf2+ 47. Kh3 Re4 48. Rxe4 dxe4 49. Re7 Rf4 50. Re6 Rf6 51. Rxe4 Rf5 52. Ra4 Rf3+ 53. Kg2 Rb3 54. Rc4 Rb5 55. Ra4 Kh7 56. Kg3 Kh6 57. Ra1 g5 58. hxg5+ Kxg5 59. Ra3 h4+ 60. Kh3 Rf5 61. Ra4 Rf3+ 62. Kg2 Rf4 63. Rxf4 Kxf4 64. Kh3 Ke5 65. Kxh4 Kd5 66. Kg3 Kc5 67. Kf3 Kb4 68. Ke2 Kxa5 69. Kd1 Kb4 70. Kc1 Kb3 71. Kb1 a5 72. Ka1 a4 73. Kb1 a3 74. Ka1 a2 1/2-1/2


[Site "https://www.chess.com"]

[Event "Titled Tuesday Blitz June 27 Early 2023"]
[White "Abdilkhair, Abilmansur"]
[Black "Ajavon, Anthony Obieni"]
[WhiteFideId "13716417"]
[BlackFideId "12600784"]
[WhiteElo "2441"]
[BlackElo "2008"]
[Result "1-0"]
[Round "2"]
[TimeControl "180+2"]
[Date "2023.06.27"]
[WhiteClock "0:01:52"]
[BlackClock "0:00:04"]
[Board "238"]

1. e4 d6 2. d4 Nf6 3. Nc3 g6 4. g3 Bg7 5. Bg2 O-O 6. Nge2 Nbd7 7. O-O e5 8. h3 Re8 9. Be3 exd4 10. Bxd4 Nb6 11. Re1 c6 12. Nf4 Qc7 13. a4 Be6 14. a5 Nc4 15. b3 Nxa5 16. e5 dxe5 17. Bxe5 Qb6 18. Na4 Qb4 19. Bc3 Qb5 20. Bf1 Qf5 21. Bd3 Qg5 22. h4 Qg4 23. Bxa5 Qh3 24. Nxh3 1-0


[Site "https://www.chess.com"]

[Event "Titled Tuesday Blitz June 27 Early 2023"]
[White "Ho, In Hei Henry"]
[Black "Titichoca Daza, Daniel"]
[WhiteFideId "6002552"]
[BlackFideId "3309550"]
[WhiteElo "2007"]
[BlackElo "2441"]
[Result "1-0"]
[Round "2"]
[TimeControl "180+2"]
[Date "2023.06.27"]
[WhiteClock "0:00:12"]
[BlackClock "0:00:07"]
[Board "239"]

1. d4 Nf6 2. Nf3 b6 3. c4 Bb7 4. e3 e6 5. Be2 a6 6. O-O d5 7. Nc3 Bd6 8. b3 O-O 9. Bb2 Nbd7 10. Rc1 Ne4 11. Qd3 f5 12. Nd2 Nxd2 13. Qxd2 dxc4 14. Bxc4 Bxh2+ 15. Kxh2 Qh4+ 16. Kg1 Bxg2 17. Bxe6+ Kh8 18. Kxg2 Qg4+ 19. Kh1 Qf3+ 20. Kg1 Rf6 21. Ne2 Rxe6 22. Ng3 Rg6 23. Rxc7 Nf6 24. Qd1 Rxg3+ 25. fxg3 Qxg3+ 26. Kh1 Qh3+ 27. Kg1 Qg3+ 28. Kh1 Qxc7 29. Qf3 Ne4 30. Rg1 Qc2 31. Rg2 Qc6 32. d5 Qh6+ 33. Kg1 Rg8 34. Qxf5 Qxe3+ 35. Kh2 Qh6+ 36. Qh3 Qd6+ 37. Kh1 Qxd5 38. Qf3 h6 39. Kh2 Qd6+ 40. Kg1 Ng5 41. Rxg5 hxg5 42. Qh5+ Qh6 43. Qxh6# 1-0


[Site "https://www.chess.com"]

[Event "Titled Tuesday Blitz June 27 Early 2023"]
[White "Rios Escobar, Adan"]
[Black "Guevara Sanchez, Erick Marvin"]
[WhiteFideId "3403645"]
[BlackFideId "6700136"]
[WhiteElo "2439"]
[BlackElo "1993"]
[Result "1-0"]
[Round "2"]
[TimeControl "180+2"]
[Date "2023.06.27"]
[WhiteClock "0:00:32"]
[BlackClock "0:00:49"]
[Board "240"]

1. d4 Nf6 2. g3 g6 3. Bg2 Bg7 4. e4 d6 5. Ne2 O-O 6. O-O Nbd7 7. Nbc3 Qe8 8. Nb5 Qd8 9. Nbc3 Qe8 10. Re1 c6 11. a4 e5 12. h3 exd4 13. Nxd4 Ne5 14. f4 Nc4 15. b3 Nb6 16. a5 Nbd7 17. Ba3 Nc5 18. e5 Nfd7 19. exd6 Qd8 20. Kh2 Qf6 21. Nde2 h5 22. Qd2 Ne6 23. Ne4 Qxa1 24. Rxa1 Bxa1 25. c3 f5 26. Ng5 Nxg5 27. fxg5 Ne5 28. Qe1 Re8 29. Qxa1 Be6 30. c4 Bf7 31. Nf4 Rad8 32. Qd4 a6 33. Bb2 Kh7 34. Nd3 Re6 35. c5 Rde8 36. Nxe5 Rxe5 37. d7 R8e7 38. d8=Q Bd5 39. Qxe7+ Rxe7 40. Qh8# 1-0


[Site "https://www.chess.com"]

[Event "Titled Tuesday Blitz June 27 Early 2023"]
[White "Pandey Srishti"]
[Black "Alexanian, Nelli"]
[WhiteFideId "35093290"]
[BlackFideId "4170539"]
[WhiteElo "2438"]
[BlackElo "1953"]
[Result "1-0"]
[Round "2"]
[TimeControl "180+2"]
[Date "2023.06.27"]
[WhiteClock "0:00:11"]
[BlackClock "0:00:00"]
[Board "241"]

1. e4 e6 2. d4 d5 3. Nc3 Bb4 4. e5 c5 5. a3 Bxc3+ 6. bxc3 Ne7 7. Qg4 Qc7 8. Qxg7 Rg8 9. Qxh7 cxd4 10. Ne2 Nbc6 11. f4 Bd7 12. Qd3 dxc3 13. Nxc3 a6 14. Rb1 Nf5 15. g4 Nh4 16. Rg1 Nd4 17. Be2 Qc4 18. Rg3 Rc8 19. Qxc4 dxc4 20. Ne4 Ke7 21. Nd6 Rc5 22. Rxb7 Nxc2+ 23. Kd1 Na1 24. Bxc4 Rd8 25. Be3 Ra5 26. Bd4 Kf8 27. Bxa1 Ba4+ 28. Kc1 Ng6 29. Rxf7+ Kg8 30. Bxe6 Rc5+ 31. Rc3 Rxc3+ 32. Bxc3 Nf8 33. Ba2 Kh8 34. e6+ 1-0


[Site "https://www.chess.com"]

[Event "Titled Tuesday Blitz June 27 Early 2023"]
[White "KorolDimitriy75"]
[Black "Gyulamiryan-koryun"]
[WhiteElo "2435"]
[BlackElo "1947"]
[Result "1-0"]
[Round "2"]
[TimeControl "180+2"]
[Date "2023.06.27"]
[WhiteClock "0:00:04"]
[BlackClock "0:00:00"]
[Board "242"]

1. d4 Nf6 2. c4 c5 3. d5 b5 4. Nd2 g6 5. b3 b4 6. Bb2 Bg7 7. e4 d6 8. h3 O-O 9. Ngf3 Re8 10. Bd3 a5 11. a4 bxa3 12. Rxa3 Na6 13. O-O Nb4 14. Bb1 Nxe4 15. Bxg7 Nxd2 16. Bh6 Nxf1 17. Qxf1 e5 18. dxe6 Bxe6 19. Qc1 Qf6 20. Bg5 Qh8 21. Qf4 f6 22. Bh6 Ra6 23. Kh2 Bf7 24. Be4 f5 25. Bb7 Rb6 26. Bd5 Nxd5 27. cxd5 Bxd5 28. Rxa5 Bxf3 29. Qxf3 Qe5+ 30. Bf4 Qe4 31. Qg3 Rxb3 32. Qxb3+ c4 33. Qg3 d5 34. Ra7 Qe6 35. Bh6 Qe5 36. Rg7+ Qxg7 37. Bxg7 Kxg7 38. Qc7+ Kf6 39. Qd7 Re5 40. Qd6+ Re6 41. Qxd5 Kf7 42. Qxc4 Kf6 43. f4 Re4 44. Qc6+ Kg7 45. Qd5 Re7 46. Qd6 Kf7 47. Qd5+ Kg7 48. Kg3 Kf6 49. Kh4 h6 50. Qd6+ Kf7 51. g4 fxg4 52. hxg4 1-0


[Site "https://www.chess.com"]

[Event "Titled Tuesday Blitz June 27 Early 2023"]
[White "Castillo Pena, Patricia Evarista"]
[Black "Herman, Daniel"]
[WhiteFideId "6412106"]
[BlackFideId "30935008"]
[WhiteElo "1911"]
[BlackElo "2433"]
[Result "0-1"]
[Round "2"]
[TimeControl "180+2"]
[Date "2023.06.27"]
[WhiteClock "0:00:02"]
[BlackClock "0:00:20"]
[Board "243"]

1. d4 g6 2. Nc3 d5 3. Bf4 Bg7 4. e3 Nf6 5. Be2 c5 6. Nf3 Nc6 7. a3 O-O 8. h3 Bf5 9. g4 Be4 10. O-O cxd4 11. Nxd4 Nxd4 12. exd4 Qb6 13. Rb1 Nd7 14. Be3 Qc7 15. Bf3 Bxf3 16. Qxf3 e6 17. Rfd1 Rac8 18. Rd2 Nb6 19. Bf4 Qc6 20. Re2 Nc4 21. Kg2 Nxb2 22. Rxb2 Qxc3 23. Qxc3 Rxc3 24. Rxb7 Bxd4 25. a4 Rfc8 26. Bh6 Bg7 27. g5 Bxh6 28. gxh6 R3c7 29. Rb4 Kf8 30. Rf4 Ke7 31. Rd4 Kd6 32. Rf4 f5 33. Rf3 Rxc2 34. Rxc2 Rxc2 35. Rb3 d4 36. Rb7 Rc7 37. Rb2 e5 38. Kf3 e4+ 39. Ke2 d3+ 40. Ke3 Rc2 41. Rxc2 dxc2 42. Kd2 Kc5 43. Kxc2 Kb4 44. a5 Kxa5 45. Kc3 Kb5 46. Kd4 a5 47. Ke5 a4 48. Kf6 a3 49. Kg7 a2 50. Kxh7 a1=Q 51. Kg8 f4 52. h7 e3 53. fxe3 fxe3 54. h8=Q Qxh8+ 55. Kxh8 e2 0-1


[Site "https://www.chess.com"]

[Event "Titled Tuesday Blitz June 27 Early 2023"]
[White "Rom, Jasper"]
[Black "Skiadopoulos, Nikolaos"]
[WhiteFideId "2023733"]
[BlackFideId "4200772"]
[WhiteElo "2433"]
[BlackElo "1910"]
[Result "1-0"]
[Round "2"]
[TimeControl "180+2"]
[Date "2023.06.27"]
[WhiteClock "0:00:10"]
[BlackClock "0:00:21"]
[Board "244"]

1. e4 c5 2. Nc3 Nc6 3. f4 g6 4. Nf3 Bg7 5. Bb5 e6 6. Bxc6 bxc6 7. O-O Ne7 8. d3 f5 9. Qe1 O-O 10. e5 Nd5 11. Bd2 Rb8 12. Rb1 d6 13. Na4 Nb4 14. Qd1 d5 15. Nxc5 Nxa2 16. c3 Qb6 17. d4 a5 18. Qa4 Nb4 19. cxb4 axb4 20. Rfc1 h6 21. Ra1 g5 22. fxg5 hxg5 23. Bxg5 Bb7 24. Qa5 Qxa5 25. Rxa5 Bc8 26. Ra7 b3 27. Rca1 f4 28. Rc7 Rf7 29. Raa7 Rxc7 30. Rxc7 Bf8 31. Bxf4 Bxc5 32. dxc5 Ba6 33. Nd4 Bd3 34. Nxe6 Ra8 35. Kf2 Ra2 36. Ke3 Bf5 37. Nd4 Be4 38. e6 Rxb2 39. Bh6 Rxg2 40. Rc8+ Kh7 41. Bf4 b2 42. Rb8 b1=Q 43. Rxb1 Bxb1 44. Nxc6 Rg4 45. e7 Bg6 46. Ne5 d4+ 47. Kf3 Bh5 48. Nxg4 1-0


[Site "https://www.chess.com"]

[Event "Titled Tuesday Blitz June 27 Early 2023"]
[White "Viasus, Juan Diego"]
[Black "Itkis, Boris"]
[WhiteFideId "4464346"]
[BlackFideId "1209167"]
[WhiteElo "1456"]
[BlackElo "2426"]
[Result "0-1"]
[Round "2"]
[TimeControl "180+2"]
[Date "2023.06.27"]
[WhiteClock "0:02:40"]
[BlackClock "0:02:55"]
[Board "245"]

1. c4 c5 2. Nc3 Nc6 3. g3 g6 4. Bg2 Bg7 5. Nf3 d6 6. O-O Nh6 7. d3 Nf5 8. a3 h5 9. Rb1 h4 10. Qc2 hxg3 11. fxg3 Ncd4 12. e3 Nxc2 0-1


[Site "https://www.chess.com"]

[Event "Titled Tuesday Blitz June 27 Early 2023"]
[White "Nakamura, Hikaru"]
[Black "Kushko, Dmitriy"]
[WhiteFideId "2016192"]
[BlackFideId "14162261"]
[WhiteElo "3253"]
[BlackElo "2816"]
[Result "1-0"]
[Round "3"]
[TimeControl "180+2"]
[Date "2023.06.27"]
[WhiteClock "0:01:15"]
[BlackClock "0:00:13"]
[Board "1"]

1. e4 g6 2. d4 Bg7 3. Nc3 d6 4. Bc4 Nc6 5. Nf3 Nf6 6. d5 Nb8 7. h3 O-O 8. O-O c6 9. a4 a5 10. Qe2 Nfd7 11. Rd1 Ne5 12. Nxe5 Bxe5 13. Bh6 Re8 14. f4 Bxc3 15. bxc3 e5 16. Qf2 c5 17. Rf1 Nd7 18. Bb5 Qf6 19. Qg3 exf4 20. Rxf4 Qe5 21. Raf1 f6 22. Qf2 1-0


[Site "https://www.chess.com"]

[Event "Titled Tuesday Blitz June 27 Early 2023"]
[White "So, Wesley"]
[Black "Sethuraman, S.P."]
[WhiteFideId "5202213"]
[BlackFideId "5021596"]
[WhiteElo "3104"]
[BlackElo "2812"]
[Result "1-0"]
[Round "3"]
[TimeControl "180+2"]
[Date "2023.06.27"]
[WhiteClock "0:00:17"]
[BlackClock "0:00:00"]
[Board "2"]

1. d4 d5 2. c4 e6 3. Nc3 Nf6 4. cxd5 exd5 5. Bg5 Bb4 6. e3 h6 7. Bh4 g5 8. Bg3 Ne4 9. Ne2 h5 10. Qa4+ Nc6 11. f3 Nxg3 12. hxg3 Qe7 13. Kf2 Be6 14. a3 Bd6 15. Rc1 h4 16. gxh4 gxh4 17. Nf4 Qg5 18. Bb5 Bd7 19. Nce2 h3 20. Rxc6 bxc6 21. Bxc6 Rd8 22. Nxh3 Qg7 23. Bxd7+ Rxd7 24. Rc1 Ke7 25. Nhf4 Qg5 26. Qb5 Qh4+ 27. g3 Qh2+ 28. Ng2 Rg8 29. f4 Qh5 30. Nc3 Ke6 31. Nh4 f5 32. Qxd5+ Kf6 33. Qxg8 1-0


[Site "https://www.chess.com"]

[Event "Titled Tuesday Blitz June 27 Early 2023"]
[White "Avinash Ramesh"]
[Black "Mamedov, Rauf"]
[WhiteFideId "45018340"]
[BlackFideId "13401653"]
[WhiteElo "2803"]
[BlackElo "3079"]
[Result "0-1"]
[Round "3"]
[TimeControl "180+2"]
[Date "2023.06.27"]
[WhiteClock "0:00:06"]
[BlackClock "0:00:13"]
[Board "3"]

1. d4 d5 2. c4 e6 3. Nf3 c5 4. cxd5 exd5 5. g3 Nc6 6. Bg2 Nf6 7. O-O Be7 8. b3 Ne4 9. Bb2 Bf6 10. e3 Bg4 11. h3 Bh5 12. g4 Bg6 13. Nbd2 h5 14. Nxe4 Bxe4 15. gxh5 Rxh5 16. Nh2 Rg5 17. Ng4 Bxg2 18. Kxg2 Qe7 19. Ba3 O-O-O 20. Bxc5 Qe6 21. Rc1 Rh8 22. Qf3 Bd8 23. Rg1 f5 24. Kf1 fxg4 25. hxg4 Bc7 26. b4 Rg6 27. g5 b6 28. Bf8 Kb7 29. b5 Na5 30. Bb4 Qd7 31. a4 Re6 32. Bxa5 bxa5 33. Rc5 Re4 34. Ke2 Rh3 35. Qf8 Re8 36. Rxc7+ Kxc7 37. Qf4+ Kb7 38. Rc1 Rhh8 39. Rc6 Rhf8 40. Qg3 Re6 41. Rc3 Rc8 42. Rc5 g6 43. Qg2 Rd6 44. Qf1 Qe7 45. Qc1 Rdd8 46. Qc3 Rxc5 47. dxc5 d4 48. c6+ Kb6 49. Qc4 dxe3 50. fxe3 Qc5 51. Qe6 Qc2+ 52. Kf3 Rf8+ 53. Kg3 Qf2+ 54. Kg4 Qg2+ 55. Kh4 Rh8# 0-1


[Site "https://www.chess.com"]

[Event "Titled Tuesday Blitz June 27 Early 2023"]
[White "Sevian, Samuel"]
[Black "Srihari L R"]
[WhiteFideId "2040506"]
[BlackFideId "46617116"]
[WhiteElo "3078"]
[BlackElo "2799"]
[Result "0-1"]
[Round "3"]
[TimeControl "180+2"]
[Date "2023.06.27"]
[WhiteClock "0:00:00"]
[BlackClock "0:00:28"]
[Board "4"]

1. d4 d5 2. Bf4 Nf6 3. e3 e6 4. Nf3 Bd6 5. Bg3 O-O 6. c4 b6 7. Nc3 a6 8. cxd5 exd5 9. Bd3 Qe7 10. Rc1 Bb7 11. Nh4 g6 12. O-O Nbd7 13. a3 c5 14. dxc5 Nxc5 15. Nf3 Rfd8 16. Nd4 Bxg3 17. hxg3 Rac8 18. Bb1 Nce4 19. Nce2 Rxc1 20. Qxc1 Rc8 21. Qd1 Ng4 22. Nf4 Nexf2 23. Qf3 Qxe3 24. Qxe3 Nxe3 25. Re1 Nfg4 26. Bd3 Kf8 27. Nfe2 Nc4 28. Rb1 Nge5 29. Bc2 b5 30. Kf2 Nd2 31. Rd1 Ng4+ 32. Kg1 Nc4 33. Rb1 Nf6 34. Nf4 Re8 35. Nd3 Ne4 36. g4 Kg7 37. Bd1 Ned2 38. Rc1 Re3 39. Nc5 Bc8 40. Bf3 Nxb2 41. Bxd5 Bxg4 42. Nc6 h5 43. Nxa6 Nd1 44. Kh2 Nf1+ 45. Kg1 Re1 0-1


[Site "https://www.chess.com"]

[Event "Titled Tuesday Blitz June 27 Early 2023"]
[White "Pranav, V"]
[Black "Gunina, Valentina"]
[WhiteFideId "25060783"]
[BlackFideId "4167570"]
[WhiteElo "3038"]
[BlackElo "2797"]
[Result "1-0"]
[Round "3"]
[TimeControl "180+2"]
[Date "2023.06.27"]
[WhiteClock "0:00:19"]
[BlackClock "0:00:19"]
[Board "5"]

1. d4 d5 2. Nc3 Nf6 3. Bf4 e6 4. e3 Be7 5. Nf3 O-O 6. Bd3 c5 7. dxc5 Bxc5 8. O-O Nc6 9. e4 d4 10. Ne2 Nh5 11. Bg5 f6 12. Bd2 e5 13. h3 g5 14. Nh2 Ng7 15. Ng3 Be6 16. a3 Rc8 17. Ng4 h5 18. Nh6+ Kh7 19. Ngf5 h4 20. Re1 Ne7 21. Qf3 Qd7 22. b4 Bb6 23. Nxe7 Qxe7 24. Nf5 Nxf5 25. exf5 Bf7 26. Bxg5 Rc3 27. Qg4 Rh8 28. Bd2 Rcc8 29. Qxh4+ Kg7 30. Qg3+ Kf8 31. f4 Bc7 32. fxe5 fxe5 33. f6 Qe6 34. Qg7+ Ke8 35. Bb5+ 1-0


[Site "https://www.chess.com"]

[Event "Titled Tuesday Blitz June 27 Early 2023"]
[White "Harshavardhan G B"]
[Black "Lazavik, Denis"]
[WhiteFideId "25059009"]
[BlackFideId "13515110"]
[WhiteElo "2790"]
[BlackElo "3030"]
[Result "0-1"]
[Round "3"]
[TimeControl "180+2"]
[Date "2023.06.27"]
[WhiteClock "0:00:16"]
[BlackClock "0:00:16"]
[Board "6"]

1. d4 Nf6 2. c4 e6 3. Nc3 Bb4 4. f3 d5 5. a3 Bxc3+ 6. bxc3 c5 7. cxd5 Nxd5 8. dxc5 Qa5 9. e4 Nf6 10. Be3 O-O 11. Ne2 Nfd7 12. Kf2 Nxc5 13. Ng3 Rd8 14. Qc2 Nc6 15. Be2 Ne5 16. Rhd1 Bd7 17. Qb2 Ba4 18. Rxd8+ Rxd8 19. Kg1 Ned3 20. Bxd3 Nxd3 21. Qxb7 Qxc3 22. Rf1 Nc5 23. Bxc5 Qxc5+ 24. Kh1 h5 25. h4 Bb5 26. Rb1 Bd3 27. Rd1 Qc2 28. Rg1 Qc5 29. Rd1 Qe5 30. Qe7 Rd4 31. Qg5 Qxg5 32. hxg5 g6 33. Ne2 Rd7 34. e5 Kf8 35. Nf4 Bb5 36. Rxd7 Bxd7 37. Kg1 Ke7 38. Kf2 Bb5 39. Ke3 Kd7 40. Kd4 Kc6 41. g3 Bf1 42. Kc3 Kc5 43. a4 a5 44. Nd3+ Bxd3 45. Kxd3 Kb4 46. f4 Kxa4 47. Kc4 Ka3 48. Kc3 a4 49. Kc2 Kb4 50. Kb2 Kc4 51. Ka3 Kd4 52. Kxa4 Ke4 53. Kb4 Kf3 54. Kc5 Kxg3 55. Kd6 Kxf4 56. Ke7 Kxe5 57. Kxf7 Kf5 0-1


[Site "https://www.chess.com"]

[Event "Titled Tuesday Blitz June 27 Early 2023"]
[White "Sarana, Alexey"]
[Black "Weetik, Vjacheslav"]
[WhiteFideId "24133795"]
[BlackFideId "4153472"]
[WhiteElo "3026"]
[BlackElo "2780"]
[Result "1-0"]
[Round "3"]
[TimeControl "180+2"]
[Date "2023.06.27"]
[WhiteClock "0:00:11"]
[BlackClock "0:00:00"]
[Board "7"]

1. d4 Nf6 2. c4 e6 3. Nc3 Bb4 4. e3 O-O 5. Bd3 c5 6. a3 Bxc3+ 7. bxc3 d6 8. e4 Nc6 9. Ne2 Ne8 10. O-O b6 11. f4 Ba6 12. f5 exf5 13. exf5 h6 14. Nf4 Nf6 15. Nh5 Re8 16. Qf3 Bb7 17. Bxh6 Ne5 18. Qxb7 Nxd3 19. Nxg7 Ng4 20. Nxe8 Qh4 21. h3 Qxh6 22. Qxa8 Qe3+ 23. Kh1 Ndf2+ 24. Rxf2 Nxf2+ 25. Kh2 Ng4+ 26. hxg4 Qf4+ 27. Kh3 Qh6+ 28. Kg3 Qe3+ 29. Qf3 1-0


[Site "https://www.chess.com"]

[Event "Titled Tuesday Blitz June 27 Early 2023"]
[White "Maksimovic, Bojan"]
[Black "Theodorou, Nikolas"]
[WhiteFideId "14408120"]
[BlackFideId "4262875"]
[WhiteElo "2776"]
[BlackElo "3016"]
[Result "0-1"]
[Round "3"]
[TimeControl "180+2"]
[Date "2023.06.27"]
[WhiteClock "0:00:02"]
[BlackClock "0:00:08"]
[Board "8"]

1. Nf3 Nf6 2. g3 g6 3. Bg2 Bg7 4. d3 d5 5. Bd2 c5 6. Qc1 Qb6 7. O-O Nc6 8. Na3 Bg4 9. c4 Bxf3 10. Bxf3 Nd4 11. Bc3 Nxf3+ 12. exf3 d4 13. Bd2 h5 14. h4 Qc6 15. Kg2 Ng4 16. Qd1 O-O 17. Re1 Ne5 18. Bf4 Nd7 19. Rxe7 Rfe8 20. Rxe8+ Rxe8 21. Qd2 Nf8 22. Re1 Ne6 23. Nc2 b5 24. cxb5 Qxb5 25. Na3 Qa6 26. Rd1 Qa4 27. Rc1 Kh7 28. Bd6 Bh6 29. Bf4 Bxf4 30. gxf4 Ng7 31. Rxc5 Nf5 32. Rc7 Nxh4+ 33. Kg3 Nf5+ 34. Kg2 Kg7 35. Nc4 Nh4+ 36. Kg3 Nf5+ 37. Kg2 Qb5 38. a4 Qd5 39. Ne5 Nh4+ 40. Kg3 Rxe5 41. Kxh4 Qxf3 42. fxe5 Qg4# 0-1


[Site "https://www.chess.com"]

[Event "Titled Tuesday Blitz June 27 Early 2023"]
[White "Kantor, Gergely"]
[Black "Terry, Renato"]
[WhiteFideId "751499"]
[BlackFideId "3803457"]
[WhiteElo "2773"]
[BlackElo "3003"]
[Result "0-1"]
[Round "3"]
[TimeControl "180+2"]
[Date "2023.06.27"]
[WhiteClock "0:00:00"]
[BlackClock "0:00:16"]
[Board "9"]

1. d4 e6 2. Nf3 Nf6 3. c4 Bb4+ 4. Bd2 c5 5. Bxb4 cxb4 6. e3 O-O 7. Bd3 d6 8. O-O Nc6 9. Nbd2 a5 10. Qc2 e5 11. h3 Qe7 12. Rfe1 Re8 13. Ne4 h6 14. c5 Nxe4 15. Bxe4 dxc5 16. Bxc6 bxc6 17. Nxe5 cxd4 18. Nxc6 Qg5 19. f4 Qg3 20. Nxd4 Bxh3 21. Qf2 Qxf2+ 22. Kxf2 Bg4 23. Rac1 Rec8 24. e4 g6 25. Ke3 Kg7 26. g3 h5 27. Rg1 Kf6 28. Rge1 g5 29. e5+ Kg6 30. Nc6 Kh6 31. Ne7 gxf4+ 32. gxf4 Rxc1 33. Rxc1 Rd8 34. Rc6+ Kg7 35. f5 Rd1 36. Kf4 Rf1+ 37. Kg5 Rg1 38. f6+ Kh7 39. Rb6 Rg2 40. Rb8 Be6+ 41. Kxh5 Rxb2 42. Kg5 Rxa2 43. Kf4 Rg2 44. Rd8 b3 45. Rd1 Rg4+ 46. Kf3 Rh4 47. Rg1 b2 48. Rg7+ Kh6 49. Ng8+ Kh5 50. Rh7+ Kg5 51. Rg7+ Kf5 52. Ne7+ Kxe5 53. Nc6+ Kxf6 54. Rg1 Rh1 55. Rxh1 Bd5+ 56. Ke3 Bxh1 57. Nd4 b1=Q 58. Kd2 Qe4 0-1


[Site "https://www.chess.com"]

[Event "Titled Tuesday Blitz June 27 Early 2023"]
[White "Martinez Alcantara, Jose Eduardo"]
[Black "Bryakin, Mikhail"]
[WhiteFideId "3805662"]
[BlackFideId "4165314"]
[WhiteElo "2998"]
[BlackElo "2771"]
[Result "1-0"]
[Round "3"]
[TimeControl "180+2"]
[Date "2023.06.27"]
[WhiteClock "0:00:18"]
[BlackClock "0:00:01"]
[Board "10"]

1. e4 c6 2. d4 d5 3. e5 Bf5 4. h4 h6 5. g4 Bd7 6. Nc3 e6 7. Be3 c5 8. dxc5 Qc7 9. Nf3 Bxc5 10. Qd2 h5 11. gxh5 Rxh5 12. O-O-O Ne7 13. Nb5 Bxb5 14. Bxb5+ Kf8 15. Kb1 Bxe3 16. Qxe3 Nbc6 17. Be2 Nxe5 18. Ng5 Rh6 19. Qf4 Rc8 20. c3 a6 21. Rhg1 Ke8 22. h5 Rf6 23. Qh4 Nf5 24. Qa4+ Qc6 25. Qf4 Nc4 26. Nh7 Rh6 27. Rxg7 Nxg7 28. Qxh6 Nxb2 29. Rc1 Na4 30. Ka1 Qb6 31. Rc2 Rxc3 32. Nf6+ Kf8 33. Nd7+ Ke7 34. Nxb6 Rxc2 35. Bd1 Rc1+ 36. Qxc1 1-0


[Site "https://www.chess.com"]